 Seeded DCSS version 0.29.1-1-gd02db6906a (webtiles) character file.

Game seed: 9708579739092153053 (custom seed)

86 GigaChad the Trooper (level 4, 0/42 HPs)
             Began as a Minotaur Fighter on Sept 15, 2022.
             Slain by an orc priest
             ... wielding a +2 whip of freezing
              (6 damage)
             ... on level 3 of the Dungeon.
             The game lasted 00:06:39 (2179 turns).

GigaChad the Trooper (Minotaur Fighter)             Turns: 2179, Time: 00:06:40

Health: 0/42       AC: 11    Str: 23    XL:     4   Next: 26%
Magic:  3/3        EV:  6    Int:  9    God:
Gold:   126        SH:  2    Dex:  9    Spells: 3/3 levels left

rFire   . . .      SeeInvis .   p - +2 demon blade "Hipe" {drain, rElec Int+4}
rCold   . . .      Faith    .   o - -2 buckler of Whack-A-Mole {Slay+5}
rNeg    . . .      Spirit   .   n - +0 plate armour
rPois   .          Reflect  .   (helmet restricted)
rElec   +          Harm     .   (no cloak)
rCorr   .          Rampage  .   (no gloves)
Will    .....                   (no boots)
Stlth   ..........              (no amulet)
HPRegen 0.14/turn               (no ring)
MPRegen 0.08/turn               (no ring)

@: studying Long Blades
A: horns 2, retaliatory headbutt
a: no special abilities


You were on level 3 of the Dungeon.
You visited 1 branch of the dungeon, and saw 3 of its levels.

You collected 126 gold pieces.

Inventory:

Hand Weapons
 a - a +0 long sword
 l - the +7 mace of the Maze {spect, rPois Will+ Str+2}
   (You found it on level 2 of the Dungeon)

   When its wielder attacks, the weapon's spirit leaps out and strikes again.
   The spirit shares a part of any damage it takes with its wielder.
   Str:       It affects your strength (+2).
   rPois:     It protects you from poison.
   Will:      It increases your willpower.
 p - the +2 demon blade "Hipe" (weapon) {drain, rElec Int+4}
   (You acquired it on level 3 of the Dungeon)

   A truly terrible weapon, it drains the life of any living foe it strikes.
   Int:       It affects your intelligence (+4).
   rElec:     It insulates you from electricity.
Armour
 b - a +0 scale mail
 c - a +0 buckler
 n - a +0 plate armour (worn)
 o - the -2 buckler of Whack-A-Mole (worn) {Slay+5}
   (You acquired it on level 3 of the Dungeon)

   Slay:      It affects your accuracy & damage with ranged weapons and melee
   (+5).
Scrolls
 f - a scroll of teleportation {unknown}
 g - a scroll of butterflies {unknown}
 j - a scroll of identify
 k - a scroll of noise {unknown}
Potions
 d - a potion of might
 h - a potion of curing {unknown}
 i - a potion of heal wounds {unknown}
 m - a potion of brilliance {unknown}


   Skills:
 - Level 5.5 Fighting
 + Level 4.3 Long Blades
 - Level 3.7 Armour
 - Level 3.7 Shields


You had 3 spell levels left.
You didn't know any spells.
Your spell library was empty.

Dungeon Overview and Level Annotations

Branches:
Dungeon (3/15)

Altars:


Innate Abilities, Weirdness & Mutations

You have a pair of horns on your head.
You reflexively headbutt those who attack you in melee.


Message History

You barely miss the orc. The orc hits you but does no damage.
The orc priest hits you with a +2 whip of freezing.
The orc priest freezes you.
You hit the orc. You headbutt the orc.
The orc is heavily wounded.
The orc priest calls down the wrath of Beogh upon you.
Beogh smites you!
* * * LOW HITPOINT WARNING * * *
The orc hits you with a +0 flail.
* * * LOW HITPOINT WARNING * * *
You slash the orc!
You kill the orc!
The orc priest hits you with a +2 whip of freezing.
* * * LOW HITPOINT WARNING * * *
The orc priest freezes you.
* * * LOW HITPOINT WARNING * * *
The orc priest hits you but does no damage.
Blink to where?
Press: ? - help, Dir - move target A hobgoblin comes into view.
Found a scroll of identify.
As you read the scroll of blinking, it crumbles to dust.
The hobgoblin shouts!
A bat comes into view.
The bat closely misses you. The bat hits you but does no damage.
You see here a scroll of identify.
The bat hits you but does no damage. The bat hits you but does no damage.
The bat hits you but does no damage.
You slash the bat!
You kill the bat!
The orc priest looks satisfied for a moment.
The hobgoblin hits you but does no damage.
You closely miss the hobgoblin. The hobgoblin closely misses you.
You closely miss the hobgoblin. You headbutt the hobgoblin.
You kill the hobgoblin!
The orc priest looks braver for a moment.
The orc priest hits you with a +2 whip of freezing.
You die...

.. ...### ##.## .....
....# #.#.#
#####..#####....#
#..).).......#..###
#####.#.#.#>...........
#.......##.###...g.....
#.###.### ## #o####.###
#.###.# #@# .#
#.....##### #.### #
#.........# #...#
#...).....# ###.#
.#.........# #.#
#.......)...# #.#
###.........######.#
#....†....†......###.#
#.........####.......#
#


You could see an orc priest.

Vanquished Creatures
  3 adders (D:3)
  A worm (D:3)
  4 orcs (D:3)
  3 ball pythons
  4 bats
  4 endoplasms
  3 giant cockroaches
  6 goblins
  5 hobgoblins
  8 jackals
  A quokka (D:1)
  A frilled lizard (D:2)
  A rat (D:1)
44 creatures vanquished.

Notes
Turn   | Place    | Note
-------+----------+-------------------------------------------
     0 | D:1      | GigaChad the Minotaur Fighter began the quest for the Orb.
     0 | D:1      | Reached XP level 1. HP: 19/19 MP: 0/0
   167 | D:1      | Found a faded altar of an unknown god.
   519 | D:1      | Reached skill level 4 in Fighting
   722 | D:1      | Reached XP level 2. HP: 27/27 MP: 1/1
  1550 | D:2      | Reached skill level 5 in Fighting
  1550 | D:2      | Reached XP level 3. HP: 29/36 MP: 2/2
  1652 | D:2      | Identified the +7 mace of the Maze {spect, rPois Will+
                  | Str+2}
  2038 | D:3      | Identified 3 scrolls of acquirement
  2038 | D:3      | Acquired the +2 demon blade "Hipe" {drain, rElec Int+4}
  2041 | D:3      | Acquired a manual of Long Blades
  2043 | D:3      | Acquired the -2 buckler of Whack-A-Mole {Slay+5}
  2131 | D:3      | Reached XP level 4. HP: 42/42 MP: 3/3
  2179 | D:3      | Slain by an orc priest

Illustrated notes

Levels and vault maps discovered:
D:1:      matt_arrival_spirals, layout_loops_ring,
          chequers_ecumenical_altar_island, chequers_serial_rivers_room_b,
          minmay_misc_feat_nine_boxes
D:2:      layout_basic, chequers_serial_rivers_small_3
D:3:      layout_loops_ring

Skill      XL: |  1  2  3  4 |
---------------+-------------+-----
Fighting       | 4 5 |  5.5
Long Blades    | 3 4 |  4.3
Armour         | |  3.7
Shields        | |  3.7

Action                   |  1- 3 |  4- 6 || total
-------------------------+-------+-------++-------
Melee: Long sword        |    52 |       ||    52
       Headbutt          |     4 |     2 ||     6
       Mace              |    11 |       ||    11
       Demon blade       |     5 |    11 ||    16
  Use: Scroll            |     4 |     1 ||     5
Armor: Scale mail        |    46 |       ||    46
       Plate armour      |     3 |     9 ||    12
Dodge: Dodged            |    47 |     3 ||    50
Block: Buckler           |    24 |     1 ||    25
